 Dungeon Crawl Stone Soup version 0.30-a0-335-ge5acde7520 (webtiles) character file.

Game seed: 2439248707294712327

115 p00ps00p the Trooper (level 5, -2/50 HPs)
             Began as a Hill Orc Fighter on Oct 30, 2022.
             Slain by Grinder (9 damage)
             ... on level 3 of the Dungeon.
             The game lasted 00:07:01 (2057 turns).

p00ps00p the Trooper (Hill Orc Fighter)             Turns: 2057, Time: 00:07:02

Health: -2/50      AC:  6    Str: 19    XL:     5   Next: 0%
Magic:  5/5        EV:  9    Int:  8    God:
Gold:   121        SH:  0    Dex: 12    Spells: 4/4 levels left

rFire   . . .      SeeInvis .    a - +1 war axe
rCold   . . .      Faith    .    c - +0 buckler
rNeg    . . .      Spirit   .    b - +0 scale mail
rPois   .          Reflect  .    (no helmet)
rElec   .          Harm     .    (no cloak)
rCorr   .          Rampage  .    (no gloves)
Will    .....                    (no boots)
Stlth   ..........               (no amulet)
HPRegen 0.28/turn                (no ring)
MPRegen 0.09/turn                (no ring)

@: confused, mighty
A: no striking features
a: no special abilities


You were on level 3 of the Dungeon.
You visited 1 branch of the dungeon, and saw 3 of its levels.

You collected 121 gold pieces.

Inventory:

Hand Weapons
 a - a +1 war axe (weapon)
Missiles
 e - 7 boomerangs (quivered)
 f - 10 poisoned darts
Armour
 b - a +0 scale mail (worn)
 c - a +0 buckler (worn)
Wands
 o - a wand of flame (6)
Scrolls
 g - 2 scrolls of vulnerability
 m - a scroll of teleportation
Potions
 h - a potion of magic {unknown}
 i - 2 potions of curing
 j - a potion of attraction {unknown}
 k - a potion of resistance {unknown}
 l - 2 potions of heal wounds {unknown}
 n - 2 potions of mutation {unknown}


   Skills:
 + Level 6.2 Fighting
 - Level 2.6 Axes
 - Level 3.2 Armour
 + Level 0.6 Dodging
 + Level 0.8 Stealth
 - Level 3.2 Shields


You had 4 spell levels left.
You didn't know any spells.
Your spell library was empty.

Dungeon Overview and Level Annotations

Branches:
Dungeon (3/15)

Altars:

Annotations:
D:3 Grinder, Sigmund


Message History

You hit Sigmund but do no damage.
Sigmund is heavily wounded.
Sigmund casts a spell at you. The puff of flame hits you!
Sigmund hits you with a +0 scythe.
You hit Sigmund.
Sigmund is heavily wounded.
Sigmund hits you with a +0 scythe.
You hit Sigmund.
Sigmund is severely wounded.
Sigmund closely misses you.
You completely miss Sigmund.
Sigmund is severely wounded.
Sigmund hits you with a +0 scythe!
* * * LOW HITPOINT WARNING * * *
You feel very mighty all of a sudden.
As you read the scroll of teleportation, it crumbles to dust.
You feel strangely unstable.
Sigmund laughs darkly.
Sigmund hits you with a +0 scythe.
* * * LOW HITPOINT WARNING * * *
Sigmund gestures at you while chanting.
You are confused.
Sigmund misses you.
You bump into the rock wall.
Your surroundings suddenly seem different.
Grinder, a ball python, a hobgoblin and a goblin come into view.
Found a dagger, 2 red potions and a scroll of identify.
Grinder shouts!
The ball python hisses angrily.
The hobgoblin shouts!
The goblin shouts!
The goblin unwields a +0 club.
The goblin wields a +0 sling.
The goblin shoots a sling bullet.
The sling bullet barely misses you.
You are too confused!
Grinder gestures at you. Pain shoots through your body!
* * * LOW HITPOINT WARNING * * *
You're too confused to move!
You slash Grinder!
Grinder is moderately wounded.
Grinder hits you!
You die...

... ....
.?..########
...g.......#
#.g........#
#..........#
#........!.#
#.....S@5..#
#..).......#
#..........#
#..........#
...........#
.#.#########
#. #


You could see Grinder, a hobgoblin, a goblin and a ball python.

Vanquished Creatures
  An orc wizard (D:3)
  4 adders (D:2)
  2 dart slugs
  3 orcs (D:3)
  8 bats
  2 endoplasms
  2 giant cockroaches
  2 hobgoblins
  3 quokkas
  5 ball pythons
  3 frilled lizards (D:1)
  6 goblins
  3 kobolds
  6 rats
50 creatures vanquished.

Notes
Turn   | Place    | Note
-------+----------+-------------------------------------------
     0 | D:1      | p00ps00p the Hill Orc Fighter began the quest for the Orb.
     0 | D:1      | Reached XP level 1. HP: 19/19 MP: 1/1
    72 | D:1      | Reached skill level 4 in Fighting
   154 | D:1      | Reached XP level 2. HP: 27/27 MP: 2/2
   625 | D:1      | Reached XP level 3. HP: 35/35 MP: 3/3
   818 | D:2      | Reached skill level 5 in Fighting
  1349 | D:2      | Reached XP level 4. HP: 42/44 MP: 4/4
  1895 | D:3      | Reached skill level 6 in Fighting
  1924 | D:3      | Reached XP level 5. HP: 35/50 MP: 5/5
  2028 | D:3      | Noticed Sigmund
  2054 | D:3      | Noticed Grinder
  2057 | D:3      | Slain by Grinder

Illustrated notes

Levels and vault maps discovered:
D:1:      erik_arrival_blinker_ship, layout_rooms, minmay_hedge_maze,
          hangedman_decor_opposing
D:2:      minmay_alternating_diamond, layout_basic
D:3:      layout_basic, shapermc_ecumenical_altar_totnotflames,
          kennysheep_generic_room_6, uniq_grinder, uniq_sigmund

Skill      XL: |  1  2  3  4 |
---------------+-------------+-----
Fighting       | 4 5 6 |  6.2
Axes           | |  2.6
Armour         | |  3.2
Dodging        | |  0.6
Stealth        | |  0.8
Shields        | |  3.2

Action                   |  1- 3 |  4- 6 || total
-------------------------+-------+-------++-------
Melee: War axe           |   116 |    53 ||   169
Throw: Boomerang         |     1 |       ||     1
  Use: Scroll            |     5 |     3 ||     8
       Potion            |     1 |     1 ||     2
Armor: Scale mail        |    76 |    15 ||    91
Dodge: Dodged            |    72 |    29 ||   101
Block: Buckler           |    29 |    10 ||    39

Table legend: (Time is in decaauts)
 A = Elapsed time spent in this place.
 B = Non-inter-level travel time spent in this place.
 C = Inter-level travel time spent in this place.
 D = Time resting spent in this place.
 E = Time spent auto-exploring this place.
 F = Levels seen in this place.
 G = Mean time per level.
                   A        B        C        D        E       F      G
               +--------+--------+--------+--------+--------+-----+--------+
         Total |   2125 |   2030 |     95 |    196 |   1195 |   3 |  708.3 |
       Dungeon |   2125 |   2030 |     95 |    196 |   1195 |   3 |  708.3 |
               +--------+--------+--------+--------+--------+-----+--------+

Top non-repeatable levels by time:
     D:2: 1040 daAuts
     D:1: 830 daAuts
     D:3: 255 daAuts
